 Dungeon Crawl Stone Soup version 0.17-a0-1830-g81820eb (webtiles) character file.

119 Ijustatesigmund the Sneak (level 5, -4/34 HPs)
             Began as an Octopode Assassin on Sept 13, 2015.
             Slain by Ijyb
             ... wielding a +6 club
              (5 damage)
             ... on level 3 of the Dungeon.
             The game lasted 00:08:33 (2656 turns).

Ijustatesigmund the Sneak (Octopode Assassin)       Turns: 2656, Time: 00:08:33

Health: -4/34      AC:  1    Str: 15    XL:     5   Next: 3%
Magic:  5/5        EV: 12    Int: 13    God:
Gold:   75         SH:  0    Dex: 15    Spells: 0 memorised, 4 levels left

rFire  . . .     SeeInvis .     a - +2 dagger
rCold  . . .     Clarity  .     (no shield)
rNeg   . . .     SustAt   .     (helmet restricted)
rPois  .         Gourm    .     (no amulet)
rElec  .         Spirit   .     (no ring)
rCorr  .         Warding  .     (no ring)
rMut   .         Stasis   .     (no ring)
MR     .....                    (no ring)
Stlth  ++++......               (no ring)
                                (no ring)
                                (no ring)
                                (no ring)

@: mighty, drained, not resistant to hostile enchantments, stealthy
A: almost no armour, amphibious, 8 rings, constrict 8, camouflage 1, gelatinous
body 1
a: no special abilities


You were on level 3 of the Dungeon.
You were not hungry.

You visited 1 branch of the dungeon, and saw 3 of its levels.

You collected 75 gold pieces.

Inventory:

Hand weapons
 a - a +2 dagger (weapon)
 b - a +1 blowgun
Missiles
 c - 5 poisoned needles
 d - 2 curare-tipped needles
 i - 4 needles of confusion
Armour
 h - a +0 shield
Potions
 f - a potion of curing
 g - 2 potions of cure mutation
Comestibles
 e - 2 bread rations
 k - 2 slices of pizza
 r - 2 chunks of flesh
 t - a beef jerky


   Skills:
 - Level 2.0(1.9) Fighting
 + Level 3.7 Short Blades
 + Level 3.8(3.7) Throwing
 - Level 1.0(0.9) Dodging
 - Level 5.3(5.2) Stealth


You had 4 spell levels left.
You didn't know any spells.

Dungeon Overview and Level Annotations

Branches:
Dungeon (3/15)

Altars:
Okawaru

Annotations:
D:3 Ijyb; Urgaas's ghost, experienced DrVM


Innate Abilities, Weirdness & Mutations

You cannot wear most types of armour.
You are amphibious.
You can wear up to eight rings at the same time.
You can use your tentacles to constrict eight enemies at once.
Your skin changes colour to match your surroundings (Stealth).
Your rubbery body absorbs attacks (AC +1).


Message History

* * * LOW HITPOINT WARNING * * *
You aren't carrying any spellbooks or scrolls.
Drink which item? (? for menu, Esc to quit)
You feel much better. Ijyb hits you with an enchanted club!
Urgaas's ghost hits you.
* * * LOW HITPOINT WARNING * * *
Drink which item? (? for menu, Esc to quit)
It was a potion of might.
You feel very mighty all of a sudden. Ijyb misses you.
Urgaas's ghost points at you and mumbles some strange words.
The sting hits you!
You are poisoned.
* * * LOW HITPOINT WARNING * * *
Drink which item? (? for menu, Esc to quit)
You feel better. Ijyb barely misses you. Urgaas's ghost hits you!
* * * LOW HITPOINT WARNING * * *
Ijyb grins evilly.
Ijyb hits you with an enchanted club.
You die...

.######'#### #........##....##
#######.# #........##....##
........# #####........##....#
....##### #..........#########
###.# #..........# .. # #.#
#..........# .. # #.#
#..........#######.(. # #.#
#..........##....#### #
#.#########...@......##...##... #
#.........#..Wg......'+..##.... #
#.........#..........##..#.)... #
#........§#..........##......_. #
#.......§§#..........##..#..... #
#.......§§#..........##..##....
#.......§§##########..)#####...
###.........§........'(..'...####
....######'###########...###.#


You could see Ijyb and Urgaas's ghost.

Vanquished Creatures
  3 adders
  2 worms (D:2)
  4 giant geckos
  An orc (D:3)
  11 bats
  5 hobgoblins
  10 kobolds
  2 quokkas (D:2)
  A giant cockroach (D:3)
  3 giant newts
  11 goblins
  14 jackals
  A jackal skeleton (D:3)
  10 rats
78 creatures vanquished.

Vanquished Creatures (others)
  A goblin (D:3)
1 creature vanquished.

Grand Total: 79 creatures vanquished

Notes
Turn   | Place    | Note
--------------------------------------------------------------
     0 | D:1      | Ijustatesigmund the Octopode Assassin began the quest for the Orb.
     0 | D:1      | Reached XP level 1. HP: 14/14 MP: 1/1
    28 | D:1      | Reached XP level 2. HP: 19/19 MP: 2/2
   192 | D:1      | Reached XP level 3. HP: 18/24 MP: 3/3
  1176 | D:2      | Reached XP level 4. HP: 22/29 MP: 4/4
  1875 | D:3      | Found an iron altar of Okawaru.
  2202 | D:3      | Reached XP level 5. HP: 34/34 MP: 5/5
  2624 | D:3      | Noticed Ijyb
  2625 | D:3      | Noticed Urgaas's ghost (experienced DrVM)
  2656 | D:3      | HP: 1/34 [Urgaas's ghost (8)]
  2656 | D:3      | Slain by Ijyb

Vault maps used:
D:1:      saegor_arrival_simple_b
D:3:      lemuel_round_altar, lemuel_flame_loot_1, uniq_iyjb

Action                   |  1- 3 |  4- 6 || total
-------------------------+-------+-------++-------
Melee: Dagger            |    86 |    62 ||   148
       Unarmed           |       |    13 ||    13
 Fire: Blowgun           |     3 |     8 ||    11
  Use: Scroll            |     2 |     9 ||    11
       Potion            |       |     6 ||     6
 Stab: Sleeping          |    10 |    12 ||    22
       Distracted        |     1 |     1 ||     2
  Eat: Chunk             |     1 |     4 ||     5
